| TOP OF THE 1ST |
|
Houston Astros batting - Pitching for St. Louis Cardinals : LHP Willie Hernandez
|
|
Pitching: LHP Willie Hernandez
|
|
|
Batting: LHB Jose Cruz
|
0-0: Ball 1-0: Called Strike 1-1: Fly out, F8 (Flyball, 8LM, EV 81.9 MPH)
|
|
Batting: RHB Mickey Hatcher
|
0-0: Ball 1-0: Swinging Strike 1-1: Ball 2-1: Ground out 6-3 (Groundball, 56D, EV 85.0 MPH)
|
|
Batting: RHB Julio Franco
|
0-0: Ball 1-0: Ball 2-0: Fly out, F7 (Flyball, 7D, EV 93.1 MPH)
|
| Top of the 1st over - 0 runs, 0 hits, 0 errors, 0 left on base; Houston 0 - St. Louis 0 |
| BOTTOM OF THE 1ST |
|
St. Louis Cardinals batting - Pitching for Houston Astros : RHP Kevin Carr
|
|
Pitching: RHP Kevin Carr
|
|
|
Batting: SHB Otis Nixon
|
0-0: Foul Ball, location: 2F 0-1: Ball 1-1: Foul Ball, location: 2F 1-2: Ball 2-2: Ground out 4-3 (Groundball, 13, EV 86.3 MPH)
|
|
Batting: SHB Billy E Smith
|
0-0: Foul Ball, location: 2F 0-1: Ball 1-1: Foul Ball, location: 2F 1-2: Ball 2-2: Foul Ball, location: 2F 2-2: Ball 3-2: SINGLE (Groundball, 6M, EV 103.8 MPH) (infield hit)
|
|
Batting: RHB Sixto Lezcano
|
0-0: Ball Billy E Smith steals 2nd base 1-0: Fly out, F8 (Flyball, 8RS, EV 86.9 MPH)
|
|
Batting: LHB Pat Putnam
|
0-0: Ball 1-0: Swinging Strike 1-1: Foul Ball, location: 2F 1-2: Foul Ball, location: 2F 1-2: Foul Ball, location: 2F 1-2: Ground out 5-3 (Groundball, 56, EV 81.3 MPH)
|
| Bottom of the 1st over - 0 runs, 1 hit, 0 errors, 1 left on base; Houston 0 - St. Louis 0 |
| TOP OF THE 2ND |
|
Houston Astros batting - Pitching for St. Louis Cardinals : LHP Willie Hernandez
|
|
Batting: RHB John Castino
|
0-0: Ball 1-0: Ball 2-0: Ball 3-0: Called Strike 3-1: Base on Balls
|
|
Batting: LHB Steve Kemp
|
0-0: Ball 1-0: Ball 2-0: Ball 3-0: Called Strike 3-1: Foul Ball, location: 2F 3-2: Ground out 5-3 (Groundball, 56S, EV 72.5 MPH) John Castino to second
|
|
Batting: LHB Jerry Narron
|
0-0: Foul Ball, location: 2F 0-1: Foul Ball, location: 2F 0-2: Foul Ball, location: 2F 0-2: Ball 1-2: Ball 2-2: Ball 3-2: SINGLE (Line Drive, 78S, EV 94.4 MPH) John Castino to third Runner from 3rd tries for Home, SAFE, throw by LF to home
|
|
Batting: RHB Ricky Adams
|
0-0: Swinging Strike 0-1: Ball 1-1: Ball Wild Pitch! Jerry Narron to second 2-1: Ground out 4-3 (Groundball, 4, EV 97.5 MPH) Jerry Narron to third
|
|
Batting: RHB Ron Tingley
|
0-0: Swinging Strike 0-1: Swinging Strike 0-2: Hit by Pitch
|
|
Batting: RHB Kevin Carr
|
0-0: Foul Ball, location: 2F 0-1: Foul Ball, location: 2F 0-2: Ball 1-2: Strikes out swinging
|
| Top of the 2nd over - 1 run, 1 hit, 0 errors, 2 left on base; Houston 1 - St. Louis 0 |
| BOTTOM OF THE 2ND |
|
St. Louis Cardinals batting - Pitching for Houston Astros : RHP Kevin Carr
|
|
Batting: LHB Mike Davis
|
0-0: Fly out, F5 (Popup, 56, EV 69.4 MPH)
|
|
Batting: RHB Craig Stimac
|
0-0: Called Strike 0-1: Swinging Strike 0-2: Ball 1-2: Foul Ball, location: 2F 1-2: Fly out, F8 (Flyball, 8LM, EV 76.9 MPH)
|
|
Batting: RHB Steve Lubratich
|
0-0: Ball 1-0: Called Strike 1-1: Called Strike 1-2: Ball 2-2: Strikes out swinging
|
| Bottom of the 2nd over - 0 runs, 0 hits, 0 errors, 0 left on base; Houston 1 - St. Louis 0 |
| TOP OF THE 3RD |
|
Houston Astros batting - Pitching for St. Louis Cardinals : LHP Willie Hernandez
|
|
Batting: LHB Jose Cruz
|
0-0: Called Strike 0-1: Swinging Strike 0-2: Foul Ball, location: 2F 0-2: Fly out, F6 (Flyball, 56D, EV 86.9 MPH)
|
|
Batting: RHB Mickey Hatcher
|
0-0: Called Strike 0-1: SINGLE (Line Drive, 56D, EV 97.5 MPH)
|
|
Batting: RHB Julio Franco
|
0-0: Ball 1-0: Foul Ball, location: 2F 1-1: Foul Ball, location: 2F 1-2: Foul Ball, location: 2F 1-2: SINGLE (Groundball, 6M, EV 103.1 MPH) (infield hit) Mickey Hatcher to second
|
|
Batting: RHB John Castino
|
0-0: Swinging Strike 0-1: SINGLE (Line Drive, 9S, EV 109.4 MPH) Mickey Hatcher to third Julio Franco to second Runner from 3rd tries for Home, throw by RF and OUT! 9-2
|
|
Batting: LHB Steve Kemp
|
0-0: Ball 1-0: Ball 2-0: Ball 3-0: Base on Balls Julio Franco to third John Castino to second
|
|
Batting: LHB Jerry Narron
|
0-0: Called Strike 0-1: Fly out, F9 (Flyball, 89D, EV 88.8 MPH)
|
| Top of the 3rd over - 0 runs, 3 hits, 0 errors, 3 left on base; Houston 1 - St. Louis 0 |
| BOTTOM OF THE 3RD |
|
St. Louis Cardinals batting - Pitching for Houston Astros : RHP Kevin Carr
|
|
Batting: RHB Bob E Johnson
|
0-0: Foul Ball, location: 2F 0-1: Called Strike 0-2: Strikes out swinging
|
|
Batting: LHB Willie Hernandez
|
0-0: Foul Ball, location: 2F 0-1: Ball 1-1: Swinging Strike 1-2: Strikes out swinging
|
|
Batting: SHB Otis Nixon
|
0-0: Foul Ball, location: 2F 0-1: Fly out, F8 (Flyball, 8RS, EV 80.0 MPH)
|
| Bottom of the 3rd over - 0 runs, 0 hits, 0 errors, 0 left on base; Houston 1 - St. Louis 0 |
| TOP OF THE 4TH |
|
Houston Astros batting - Pitching for St. Louis Cardinals : LHP Willie Hernandez
|
|
Batting: RHB Ricky Adams
|
0-0: Ball 1-0: Swinging Strike 1-1: Fly out, F8 (Line Drive, 8RM, EV 93.8 MPH)
|
|
Batting: RHB Ron Tingley
|
0-0: Ball 1-0: Foul Ball, location: 2F 1-1: Called Strike 1-2: Fly out, F8 (Flyball, 89D, EV 98.1 MPH)
|
|
Batting: RHB Kevin Carr
|
0-0: Swinging Strike 0-1: Called Strike 0-2: Ball 1-2: Foul Ball, location: 2F 1-2: Ball 2-2: Foul Ball, location: 2F 2-2: Strikes out swinging
|
| Top of the 4th over - 0 runs, 0 hits, 0 errors, 0 left on base; Houston 1 - St. Louis 0 |
| BOTTOM OF THE 4TH |
|
St. Louis Cardinals batting - Pitching for Houston Astros : RHP Kevin Carr
|
|
Batting: SHB Billy E Smith
|
0-0: Ball 1-0: Ball 2-0: Ground out U3 (Groundball, 34, EV 100.6 MPH)
|
|
Batting: RHB Sixto Lezcano
|
0-0: Ball 1-0: SINGLE (Line Drive, 4D, EV 96.3 MPH)
|
|
Batting: LHB Pat Putnam
|
0-0: Ball Sixto Lezcano is caught stealing 2nd base 2-6 1-0: Called Strike 1-1: Ball 2-1: Fly out, F7 (Flyball, 78S, EV 92.5 MPH)
|
| Bottom of the 4th over - 0 runs, 1 hit, 0 errors, 0 left on base; Houston 1 - St. Louis 0 |
| TOP OF THE 5TH |
|
Houston Astros batting - Pitching for St. Louis Cardinals : LHP Willie Hernandez
|
|
Pitching: LHP Paul Gibson
|
|
|
Batting: LHB Jose Cruz
|
0-0: Ball 1-0: Called Strike 1-1: Ball 2-1: Swinging Strike 2-2: Ball 3-2: Foul Ball, location: 2F 3-2: Foul Ball, location: 2F 3-2: Foul Ball, location: 2F 3-2: Foul Ball, location: 2F 3-2: SINGLE (Line Drive, 78S, EV 110.0 MPH)
|
|
Batting: RHB Mickey Hatcher
|
0-0: Swinging Strike 0-1: Ball 1-1: Ball 2-1: Swinging Strike 2-2: Ball 3-2: Foul Ball, location: 2F 3-2: Strikes out swinging
|
|
Batting: RHB Julio Franco
|
0-0: Grounds into double play, 5-4-3 (Groundball, 56, EV 91.9 MPH)
|
| Top of the 5th over - 0 runs, 1 hit, 0 errors, 0 left on base; Houston 1 - St. Louis 0 |
| BOTTOM OF THE 5TH |
|
St. Louis Cardinals batting - Pitching for Houston Astros : RHP Kevin Carr
|
|
Pitching: RHP Kyle Hutchinson
|
|
|
Batting: LHB Mike Davis
|
0-0: Foul Ball, location: 2F 0-1: Ball 1-1: Ball 2-1: Foul Ball, location: 2F 2-2: Ground out 4-3 (Groundball, 4, EV 105.6 MPH)
|
|
Batting: RHB Craig Stimac
|
0-0: Ball 1-0: Ground out 1-3 (Groundball, 13S, EV 70.6 MPH)
|
|
Batting: RHB Steve Lubratich
|
0-0: Foul Ball, location: 2F 0-1: Fly out, F9 (Flyball, 9S, EV 88.1 MPH)
|
| Bottom of the 5th over - 0 runs, 0 hits, 0 errors, 0 left on base; Houston 1 - St. Louis 0 |
| TOP OF THE 6TH |
|
Houston Astros batting - Pitching for St. Louis Cardinals : LHP Paul Gibson
|
|
Batting: RHB John Castino
|
0-0: Ball 1-0: Ground out 4-3 (Groundball, 4, EV 107.5 MPH)
|
|
Batting: LHB Steve Kemp
|
0-0: Ball 1-0: Ground out 6-3 (Groundball, 6, EV 81.9 MPH)
|
|
Batting: LHB Jerry Narron
|
0-0: Ball 1-0: Foul Ball, location: 2F 1-1: Ball 2-1: SOLO HOME RUN (Flyball, 89XD, EV 105.6 MPH), Distance : 447 ft
|
|
Batting: RHB Ricky Adams
|
0-0: SINGLE (Groundball, 56S, EV 66.9 MPH) (infield hit)
|
|
Batting: RHB Ron Tingley
|
0-0: Called Strike 0-1: Swinging Strike 0-2: Strikes out looking
|
| Top of the 6th over - 1 run, 2 hits, 0 errors, 1 left on base; Houston 2 - St. Louis 0 |
| BOTTOM OF THE 6TH |
|
St. Louis Cardinals batting - Pitching for Houston Astros : RHP Kyle Hutchinson
|
|
Batting: RHB Bob E Johnson
|
0-0: Called Strike 0-1: Ball 1-1: Foul Ball, location: 2F 1-2: Foul Ball, location: 2F 1-2: Strikes out swinging
|
|
Batting: RHB Paul Gibson
|
0-0: Ball 1-0: Ball 2-0: Ball 3-0: Base on Balls
|
|
Batting: SHB Otis Nixon
|
0-0: Foul Ball, location: 2F 0-1: Called Strike 0-2: SINGLE (Groundball, 6S, EV 70.6 MPH) (infield hit) Paul Gibson to second
|
|
Batting: SHB Billy E Smith
|
0-0: Ball 1-0: Foul Ball, location: 2F 1-1: Ball 2-1: Foul Ball, location: 2F 2-2: Foul Ball, location: 2F 2-2: Ball 3-2: Reached on error, E6 (Groundball, 6, EV 88.1 MPH) Paul Gibson to third Otis Nixon to second
|
|
Batting: RHB Sixto Lezcano
|
0-0: Called Strike 0-1: Ball 1-1: SINGLE (Line Drive, 78S, EV 103.8 MPH) Paul Gibson scores Otis Nixon to third Billy E Smith to second Runner from 3rd tries for Home, SAFE, throw by CF to home
|
|
Batting: LHB Pat Putnam
|
0-0: Called Strike 0-1: Fly out, F4 (Popup, 23, EV 85.6 MPH)
|
|
Pitching: RHP Victor Sanchez
|
|
|
Now in CF: George Vukovich
|
|
|
Batting: LHB Mike Davis
|
0-0: Ball 1-0: Ball 2-0: Called Strike 2-1: Called Strike 2-2: Ball 3-2: Base on Balls Billy E Smith to third Sixto Lezcano to second
|
|
Batting: RHB Craig Stimac
|
0-0: Called Strike 0-1: Called Strike 0-2: Ball 1-2: Ball 2-2: Ball 3-2: Strikes out swinging
|
| Bottom of the 6th over - 2 runs, 2 hits, 1 error, 3 left on base; Houston 2 - St. Louis 2 |
| TOP OF THE 7TH |
|
Houston Astros batting - Pitching for St. Louis Cardinals : LHP Paul Gibson
|
|
Batting: LHB George Vukovich
|
0-0: Called Strike 0-1: Called Strike 0-2: Strikes out swinging
|
|
Pinch Hitting: RHB Tim Tolman
|
0-0: Ball 1-0: Called Strike 1-1: Ball 2-1: Foul Ball, location: 2F 2-2: Ground out 5-3 (Groundball, 56, EV 83.8 MPH)
|
|
Pinch Hitting: RHB Zail Smith
|
0-0: Swinging Strike 0-1: Ball 1-1: Ball 2-1: Called Strike 2-2: Foul Ball, location: 2F 2-2: Foul Ball, location: 2F 2-2: Foul Ball, location: 2F 2-2: Ball 3-2: Fly out, F9 (Flyball, 9, EV 85.0 MPH)
|
| Top of the 7th over - 0 runs, 0 hits, 0 errors, 0 left on base; Houston 2 - St. Louis 2 |
| BOTTOM OF THE 7TH |
|
St. Louis Cardinals batting - Pitching for Houston Astros : RHP Victor Sanchez
|
|
Now at 1B: Tim Tolman
|
|
|
Now in LF: Zail Smith
|
|
|
Batting: RHB Steve Lubratich
|
0-0: Ball 1-0: SINGLE (Line Drive, 34D, EV 97.5 MPH)
|
|
Batting: RHB Bob E Johnson
|
0-0: Foul Ball, location: 2F 0-1: Foul Ball, location: 2F 0-2: Ball 1-2: Fielders Choice at 2nd, 3-6 (Groundball, 3, EV 103.1 MPH)
|
|
Pinch Hitting: LHB Mark Hildebrand
|
0-0: Ball 1-0: Called Strike Bob E Johnson steals 2nd base (no throw) 1-1: Swinging Strike 1-2: Ball 2-2: Ball 3-2: Base on Balls
|
|
Pinch Hitting: SHB Paul Householder
|
0-0: Called Strike 0-1: Called Strike 0-2: Ball 1-2: Strikes out swinging
|
|
Pitching: RHP Kennedy Corzel
|
|
|
Pinch Hitting: RHB Don Ruzek
|
0-0: Ball 1-0: Ball 2-0: Foul Ball, location: 2F 2-1: Foul Ball, location: 2F 2-2: Foul Ball, location: 2F 2-2: SINGLE (Flyball, 6D, EV 90.0 MPH) Bob E Johnson to third Mark Hildebrand to second Runner from 3rd tries for Home, SAFE, throw by CF to home
|
|
Pinch Hitting: RHB Bob Grandas
|
0-0: Ball 1-0: Fly out, F9 (Flyball, 9D, EV 91.3 MPH)
|
| Bottom of the 7th over - 1 run, 2 hits, 0 errors, 2 left on base; Houston 2 - St. Louis 3 |
| TOP OF THE 8TH |
|
Houston Astros batting - Pitching for St. Louis Cardinals : LHP Paul Gibson
|
|
Pitching: RHP Larry Andersen
|
|
|
Now at 1B: Jim Gantner
|
|
|
Now at SS: Don Ruzek
|
|
|
Now in RF: Paul Householder
|
|
|
Pinch Hitting: RHB Danny Jasso
|
0-0: Fly out, F8 (Line Drive, 8LD, EV 91.3 MPH)
|
|
Pinch Hitting: RHB Nick Esasky
|
0-0: Fly out, F9 (Flyball, 9S, EV 78.8 MPH)
|
|
Pinch Hitting: SHB Christopher Clark
|
0-0: Foul Ball, location: 2F 0-1: Foul Ball, location: 2F 0-2: Ball 1-2: Ball 2-2: Ball 3-2: Ground out 5-3 (Groundball, 56, EV 85.6 MPH)
|
| Top of the 8th over - 0 runs, 0 hits, 0 errors, 0 left on base; Houston 2 - St. Louis 3 |
| BOTTOM OF THE 8TH |
|
St. Louis Cardinals batting - Pitching for Houston Astros : RHP Kennedy Corzel
|
|
Now at 3B: Nick Esasky
|
|
|
Now at SS: Danny Jasso
|
|
|
Now in RF: Christopher Clark
|
|
|
Pinch Hitting: RHB Victor Rios
|
0-0: Foul Ball, location: 2F 0-1: Foul Ball, location: 2F 0-2: Ball 1-2: Strikes out swinging
|
|
Pinch Hitting: RHB Mookie Wilson
|
0-0: Ball 1-0: Ball 2-0: SINGLE (Line Drive, 78S, EV 100.0 MPH)
|
|
Pinch Hitting: RHB Brian Dayett
|
0-0: Ball 1-0: Called Strike 1-1: Swinging Strike 1-2: Strikes out swinging
|
|
Pinch Hitting: RHB Onix Concepcion
|
0-0: Ball 1-0: Called Strike 1-1: Called Strike Mookie Wilson steals 2nd base (no throw) 1-2: Ball 2-2: Strikes out looking
|
| Bottom of the 8th over - 0 runs, 1 hit, 0 errors, 1 left on base; Houston 2 - St. Louis 3 |
| TOP OF THE 9TH |
|
Houston Astros batting - Pitching for St. Louis Cardinals : RHP Larry Andersen
|
|
Now at 1B: Joe Torre
|
|
|
Now at 2B: Onix Concepcion
|
|
|
Now in LF: Mookie Wilson
|
|
|
Now in CF: Victor Rios
|
|
|
Pinch Hitting: RHB Dave Valle
|
0-0: Ball 1-0: Called Strike 1-1: Fly out, F9 (Flyball, 89D, EV 85.6 MPH)
|
|
Pinch Hitting: SHB Bill D Doran
|
0-0: Ball 1-0: Ball 2-0: Ball 3-0: Base on Balls
|
|
Pinch Hitting: SHB Tom Herr
|
0-0: Foul Ball, location: 2F 0-1: Swinging Strike 0-2: Strikes out swinging
|
|
Batting: LHB George Vukovich
|
0-0: Foul Ball, location: 2F 0-1: Fly out, F7 (Flyball, 78S, EV 91.3 MPH)
|
| Top of the 9th over - 0 runs, 0 hits, 0 errors, 1 left on base; Houston 2 - St. Louis 3 |
|